 Dungeon Crawl Stone Soup version 0.27.1 (webtiles) character file.

Game seed: 2559744437108624778

64 Naeght the Poker (level 4, -1/34 HPs)
             Began as a Merfolk Gladiator on Aug 27, 2021.
             Slain by an orc (2 damage)
             ... on level 2 of the Dungeon.
             The game lasted 00:01:22 (1130 turns).

Naeght the Poker (Merfolk Gladiator)                Turns: 1130, Time: 00:01:22

Health: -1/34      AC:  4    Str: 15    XL:     4   Next: 12%
Magic:  4/4        EV: 13    Int:  7    God:
Gold:   32         SH:  0    Dex: 15    Spells: 3/3 levels left

rFire    . . .     SeeInvis .   a - +0 trident
rCold    . . .     Faith    .   (no shield)
rNeg     . . .     Spirit   .   b - +0 leather armour
rPois    .         Reflect  .   c - +0 helmet
rElec    .         Harm     .   (no cloak)
rCorr    .         Rampage  .   (no gloves)
Will     .....                  (no boots)
Stlth    +.........             (no amulet)
HPRegen  0.11/turn              (no ring)
MPRegen  0.09/turn              (no ring)

@: no status effects
A: (nimble swimmer 2), mertail
a: no special abilities


You were on level 2 of the Dungeon.
You visited 1 branch of the dungeon, and saw 2 of its levels.

You collected 32 gold pieces.

Inventory:

Hand Weapons
 a - a +0 trident (weapon)
Missiles
 d - 3 throwing nets (quivered)
Armour
 b - a +0 leather armour (worn)
 c - a +0 helmet (worn)
Scrolls
 f - a scroll of teleportation {unknown}
Potions
 e - a potion of mutation {unknown}
 g - a potion of attraction {unknown}


   Skills:
 + Level 2.6 Fighting
 + Level 5.4 Polearms
 + Level 2.2 Throwing
 + Level 0.5 Armour
 + Level 4.8 Dodging
 + Level 0.5 Stealth


You had 3 spell levels left.
You didn't know any spells.
Your spell library was empty.

Dungeon Overview and Level Annotations

Branches:
Dungeon (2/15)

Altars:


Innate Abilities, Weirdness & Mutations

((You are quick and stealthy near water. (Stealth+, EV+, Speed+++)))
Your lower body shifts to a powerful aquatic tail in water.


Message History

The bat hits you but does no damage.
The orc throws a boomerang.
The boomerang hits you.
* * * LOW HITPOINT WARNING * * *
You hit the orc but do no damage. The goblin misses you.
You closely miss the orc. The goblin hits you with a +0 club.
* * * LOW HITPOINT WARNING * * *
You puncture the orc wizard!
The orc wizard is severely wounded.
The goblin barely misses you.
The orc wizard hits you but does no damage.
You puncture the orc wizard!
You kill the orc wizard!
The goblin misses you.
You have reached level 4!
You puncture the orc!
You kill the orc!
The goblin hits you with a +0 club.
* * * LOW HITPOINT WARNING * * *
You barely miss the orc. The orc hits you but does no damage.
The goblin completely misses you.
You puncture the orc!
You kill the orc!
The goblin hits you but does no damage.
Unknown command.
You closely miss the orc. The goblin closely misses you.
The orc hits you with a +0 whip.
* * * LOW HITPOINT WARNING * * *
You hit the orc but do no damage. The goblin closely misses you.
The orc hits you with a +0 whip.
* * * LOW HITPOINT WARNING * * *
You closely miss the orc. The goblin barely misses you.
The orc closely misses you.
You hit the orc but do no damage. The goblin barely misses you.
The orc closely misses you.
You hit the orc.
The orc is lightly wounded.
The goblin hits you with a +0 club.
* * * LOW HITPOINT WARNING * * *
The orc hits you with a +0 whip.
You die...

. ########..
#.........
#.........
#....S....
######)<...(...
#....#.........
######..(.....##....
#.g@o.......### ...
#.###.....#.# . #.#
#......... #.#
#..##......#
#.###.##.####...
#....S# . ...
#...##.#. ##.. #..##
.# #.$# #.


You could see an orc and a goblin.

Vanquished Creatures
  An orc wizard (D:2)
  A dart slug (D:1)
  3 orcs (D:2)
  A bat (D:1)
  4 endoplasms (D:1)
  A giant cockroach (D:1)
  3 goblins (D:1)
  3 hobgoblins
  3 jackals (D:1)
  2 kobolds (D:1)
  A quokka (D:1)
  4 ball pythons (D:1)
  A frilled lizard (D:1)
  A rat (D:1)
29 creatures vanquished.

Notes
Turn   | Place    | Note
-------+----------+-------------------------------------------
     0 | D:1      | Naeght the Merfolk Gladiator began the quest for the Orb.
     0 | D:1      | Reached XP level 1. HP: 16/16 MP: 1/1
   294 | D:1      | Reached XP level 2. HP: 22/22 MP: 2/2
   456 | D:1      | Found a faded altar of an unknown god.
   666 | D:1      | Reached XP level 3. HP: 27/28 MP: 3/3
   976 | D:1      | Reached skill level 5 in Polearms
  1123 | D:2      | Reached XP level 4. HP: 10/34 MP: 4/4
  1130 | D:2      | HP: 1/34 [goblin (3)]
  1130 | D:2      | Slain by an orc

Illustrated notes

Levels and vault maps discovered:
D:1:      noname_arrival_rooms_in_the_neighbourhood, layout_basic,
          basic_ecumenical_altar, minmay_misc_feat_doors
D:2:      layout_rooms, minmay_pentomino_pile

Skill      XL: |  1  2  3 |
---------------+----------+-----
Polearms       | 5 |  5.4
Fighting       | |  2.6
Throwing       | |  2.2
Armour         | |  0.5
Dodging        | |  4.8
Stealth        | |  0.5

Action                   |  1- 3 |  4- 6 || total
-------------------------+-------+-------++-------
Melee: Trident           |    89 |     8 ||    97
 Stab: Distracted        |     1 |       ||     1
Armor: Leather armour    |    23 |     2 ||    25
Dodge: Dodged            |    78 |     7 ||    85
